 Dungeon Crawl Stone Soup version 0.18-a0-1572-g0a86841 (webtiles) character file.

952 MrRokkomies the Caller (level 8, -1/50 HPs)
             Began as an Octopode Summoner on Mar 15, 2016.
             Slain by an orc wizard
             ... wielding a +0 dagger
              (3 damage)
             ... on level 5 of the Dungeon.
             The game lasted 00:25:47 (4916 turns).

MrRokkomies the Caller (Octopode Summoner)          Turns: 4916, Time: 00:25:47

Health: -1/50      AC:  1    Str:  7    XL:     8   Next: 13%
Magic:  7/11       EV: 13    Int: 19    God:
Gold:   192        SH:  0    Dex: 13    Spells: 2 memorised, 7 levels left

rFire  . . .     SeeInvis .     a - +1 spear
rCold  . . .     Gourm    .     (no shield)
rNeg   . . .     Faith    .     (helmet restricted)
rPois  .         Spirit   .     (no amulet)
rElec  .         Dismiss  .     (no ring)
rCorr  .         Reflect  .     (no ring)
SustAt .         Harm     .     (no ring)
MR     .....                    (no ring)
Stlth  +++.......               (no ring)
                                (no ring)
                                (no ring)
                                (no ring)

@: not resistant to hostile enchantments, fairly stealthy
A: almost no armour, amphibious, 8 rings, constrict 8, camouflage 1, gelatinous
body 1
a: no special abilities


You were on level 5 of the Dungeon.
You were hungry.

You visited 1 branch of the dungeon, and saw 5 of its levels.

You collected 192 gold pieces.

Inventory:

Hand Weapons
 a - a +1 spear (weapon)
 f - a +1 vampiric scythe
Missiles
 s - 3 javelins (quivered)
Magical Staves
 c - an uncursed staff of poison
Jewellery
 t - an uncursed ring of ice
Wands
 o - a wand of hasting (3/9)
Scrolls
 e - 3 scrolls of remove curse
 m - a scroll of recharging
 r - a scroll of fog
Potions
 d - a potion of resistance {unknown}
 h - 3 potions of flight
 i - a potion of mutation {unknown}
 j - 2 potions of haste {unknown}
 k - a potion of brilliance {unknown}
 p - a potion of might
 q - 2 potions of curing {unknown}
 u - a potion of magic {unknown}
Books
 n - a book of Callings

   Spells                             Type                      Level
   a - Summon Small Mammal            Summoning                    1
   b - Call Imp                       Summoning                    2
   c - Call Canine Familiar           Summoning                    3
   d - Summon Guardian Golem          Hexes/Summoning              3
   e - Summon Lightning Spire         Summoning/Air                4
   f - Summon Ice Beast               Ice/Summoning                4
Comestibles
 b - 4 bread rations
 g - 3 fruits
 l - a beef jerky


   Skills:
 - Level 2.0 Fighting
 * Level 5.7 Polearms
 - Level 4.0 Dodging
 - Level 2.6 Stealth
 - Level 2.0 Spellcasting
 * Level 6.7 Summonings


You had 7 spell levels left.
You knew the following spells:

 Your Spells              Type           Power        Failure   Level  Hunger
a - Summon Small Mammal   Summ           ####         1%          1    #......
b - Call Canine Familiar  Summ           ####....     3%          3    ###....


Dungeon Overview and Level Annotations

Branches:
Dungeon (5/15)
 Temple: D:4-7

Altars:
Gozag

Annotations:
D:3 Gottschkopf's ghost, amateur DrTm


Innate Abilities, Weirdness & Mutations

You cannot wear most types of armour.
You are amphibious.
You can wear up to eight rings at the same time.
You can use your tentacles to constrict eight enemies at once.
Your skin changes colour to match your surroundings (Stealth).
Your rubbery body absorbs attacks (AC +1).


Message History

The orc wizard casts a spell at you. The magic dart hits you!
* * * LOW HITPOINT WARNING * * *
The orc wizard points at you and mumbles some strange words.
The magic dart hits you!
* * * LOW HITPOINT WARNING * * *
Drink which item? (? for menu, Esc to quit)
Okay, then.
Read which item? (? for menu, Esc to quit)
Okay, then.
Evoke which item? (* to show all) (? for menu, Esc to quit)
Okay, then.
You swap places.
Your hound barely misses the orc wizard.
The orc wizard gestures wildly while chanting.
The orc wizard blinks!
You swap places.
The orc wizard gestures wildly while chanting.
The orc wizard blinks!
The orc wizard hits you with a dagger.
You die...

# #.............#
# #.......#####.#
# #<.#...## ###.#
# #..##.## #...#
###..# ## #.#.#
.....#
####.#.####
.###.#
#....#....# .#
#.#####.#######.#
.#
#....##....#o@h§#
.#
####.#####.#)####
.# #.....##.#)##
.# #.###.##...§#
.# #.
#....)#...... #.
#.#####.####. #.
...# .# ##..###
.# #.. .#


You could see an orc wizard and a friendly hound.

Vanquished Creatures
  Sigmund (D:4)
  Eustachio (D:4)
  A phantom (D:4)
  A scorpion (D:5)
  A howler monkey (D:5)
  A centaur skeleton (D:4)
  An orc wizard (D:2)
  A giant frog skeleton (D:5)
  3 gnolls (D:5)
  4 adders
  An ooze (D:1)
  2 worms
  3 dart slugs
  3 giant geckos
  6 orcs
  3 giant cockroaches
  7 goblins
  5 hobgoblins
  3 jackals
  A ball python (D:4)
  8 bats
  2 giant newts (D:1)
  3 kobolds
  4 rats
66 creatures vanquished.

Vanquished Creatures (collateral kills)
  Menkaure (D:4)
  An ogre (D:4)
  A gnoll shaman (D:5)
  An orc priest (D:3)
  Jessica (D:3)
  2 orc wizards
  Robin (D:3)
  An adder (D:3)
  2 gnolls (D:5)
  An adder skeleton (D:4)
  3 dart slugs
  A giant gecko (D:3)
  9 orcs
  A ball python (D:3)
  A bat (D:3)
  8 goblins
  3 hobgoblins (D:3)
  3 jackals (D:2)
  A quokka skeleton (D:5)
  3 rats
45 creatures vanquished.

Grand Total: 111 creatures vanquished

Notes
Turn   | Place    | Note
--------------------------------------------------------------
     0 | D:1      | MrRokkomies the Octopode Summoner began the quest for the Orb.
     0 | D:1      | Reached XP level 1. HP: 11/11 MP: 3/3
   172 | D:1      | Reached XP level 2. HP: 12/18 MP: 0/5
   213 | D:1      | Reached skill level 1 in Fighting
   722 | D:1      | Reached XP level 3. HP: 23/23 MP: 6/6
   831 | D:1      | Learned a level 3 spell: Call Canine Familiar
  1625 | D:3      | Noticed Robin
  1638 | D:3      | Killed Robin
  1653 | D:3      | Reached skill level 1 in Polearms
  1653 | D:3      | Reached XP level 4. HP: 15/29 MP: 1/7
  1813 | D:3      | Noticed Gottschkopf's ghost (amateur DrTm)
  1861 | D:4      | Noticed an ogre
  1869 | D:4      | Killed an ogre
  1869 | D:4      | Reached XP level 5. HP: 34/34 MP: 4/8
  1996 | D:4      | Noticed Sigmund
  2423 | D:3      | Noticed Jessica
  2432 | D:3      | Killed Jessica
  2432 | D:3      | Reached XP level 6. HP: 33/39 MP: 2/9
  2658 | D:3      | Found an opulent altar of Gozag.
  3442 | D:4      | Noticed Menkaure
  3453 | D:4      | Killed Menkaure
  3453 | D:4      | Reached skill level 5 in Summonings
  3564 | D:4      | Noticed Eustachio
  3635 | D:4      | Killed Eustachio
  3635 | D:4      | Reached XP level 7. HP: 9/45 MP: 3/10
  4101 | D:4      | Killed Sigmund
  4101 | D:4      | Reached skill level 5 in Polearms
  4101 | D:4      | Reached skill level 6 in Summonings
  4407 | D:5      | Entered Level 5 of the Dungeon
  4649 | D:5      | Reached XP level 8. HP: 50/50 MP: 9/11
  4913 | D:5      | HP: 2/50 [orc wizard/magic dart (9)]
  4916 | D:5      | Slain by an orc wizard

Vault maps used:
D:1:      ncdulo_smallfort
D:2:      nicolae_underground_beach
D:3:      nicolae_gozag_seed_capital, serial_bayou_pond_d, uniq_robin,
          uniq_jessica
D:4:      grunt_decor_arrowhead, uniq_sigmund, uniq_menkaure, uniq_eustachio
D:5:      old_standard_altar, lightli_ossuary_entry_decrepit_ruins, first_bread

Skill      XL: |  1  2  3  4  5  6  7 |
---------------+----------------------+-----
Fighting       | 1 2 |  2.0
Dodging        | 3 4 |  4.0
Polearms       | 1 2 3 4 5 |  5.7
Summonings     | 5 6 |  6.7
Stealth        | |  2.6
Spellcasting   | |  2.0

Action                   |  1- 3 |  4- 6 |  7- 9 || total
-------------------------+-------+-------+-------++-------
Melee: Mace              |    40 |       |       ||    40
       Spear             |    24 |   100 |    96 ||   220
Throw: Javelin           |     4 |    11 |       ||    15
 Cast: Summon Small Mamm |    15 |       |       ||    15
       Call Canine Famil |     4 |    11 |     7 ||    22
  Use: Scroll            |     5 |     4 |     2 ||    11
       Potion            |       |     1 |       ||     1
 Stab: Sleeping          |     7 |     6 |     4 ||    17
       Distracted        |     1 |     1 |     1 ||     3
  Eat: Chunk             |     3 |     7 |     5 ||    15
